 Dungeon Crawl Stone Soup version 0.29.1-12-g30fa7ad0bf (webtiles) character file.

Game seed: 402270994619531965

534 rakiston the Cleaver (level 7, -17/61 HPs)
             Began as a Minotaur Berserker on Jan 6, 2023.
             Was a Priest of Trog.
             Demolished by an ogre
             ... wielding a +0 giant spiked club
              (30 damage)
             ... on level 6 of the Dungeon.
             The game lasted 00:14:35 (4374 turns).

rakiston the Cleaver (Minotaur Berserker)           Turns: 4374, Time: 00:14:35

Health: -17/61     AC:  7    Str: 24    XL:     7   Next: 4%
Magic:  6/6        EV: 10    Int:  4    God:    Trog [***...]
Gold:   148        SH:  0    Dex:  9    Spells: 6/6 levels left

rFire   . . .      SeeInvis +   a - +0 hand axe (vamp)
rCold   . . .      Faith    .   (no shield)
rNeg    . . .      Spirit   .   j - +1 scale mail
rPois   .          Reflect  .   (helmet restricted)
rElec   .          Harm     .   (no cloak)
rCorr   .          Rampage  .   (no gloves)
Will    .....                   (no boots)
Stlth   ..........              (no amulet)
HPRegen 0.20/turn               s - ring of see invisible
MPRegen 0.10/turn               (no ring)

@: no status effects
A: horns 2, retaliatory headbutt
a: Renounce Religion, Berserk, Trog's Hand


You were on level 6 of the Dungeon.
You worshipped Trog.
Trog was most pleased with you.
You visited 1 branch of the dungeon, and saw 6 of its levels.

You collected 203 gold pieces.
You spent 55 gold pieces at shops.

Inventory:

Hand Weapons
 a - a +0 vampiric hand axe (weapon)
Missiles
 v - 8 poisoned darts (quivered)
Armour
 b - a +0 animal skin
 j - a +1 scale mail (worn)
Jewellery
 n - a ring of ice
 s - a ring of see invisible (left hand)
 w - a ring of protection from fire
Wands
 l - a wand of mindburst (14)
 x - a wand of roots (7)
Scrolls
 c - 2 scrolls of amnesia
 e - a scroll of magic mapping
 g - 2 scrolls of blinking
 h - 3 scrolls of teleportation
 i - a scroll of poison {unknown}
 m - a scroll of silence {unknown}
 o - a scroll of brand weapon
 q - 2 scrolls of enchant armour
 r - a scroll of torment {unknown}
 u - 2 scrolls of identify
 y - a scroll of enchant weapon {unknown}
Potions
 d - a potion of haste {unknown}
 f - a potion of ambrosia {unknown}
 k - a potion of lignification
 p - a potion of might {unknown}
 t - a potion of heal wounds {unknown}
 z - a potion of invisibility {unknown}
 A - a potion of curing


   Skills:
 + Level 5.5 Fighting
 + Level 8.2 Axes
 - Level 3.2 Armour
 - Level 2.6 Dodging
 - Level 0.3 Stealth


You had 6 spell levels left.
You didn't know any spells.
Your spell library was empty.

Dungeon Overview and Level Annotations

Branches:
Dungeon (6/15)
 Temple: D:4-7

Altars:
Ashenzari
Elyvilon
Hepliaklqana
Nemelex Xobeh
Vehumet
Wu Jian
The Shining One

Shops:
D:1 ?[(


Innate Abilities, Weirdness & Mutations

You have a pair of horns on your head.
You reflexively headbutt those who attack you in melee.


Message History

There is an open door here.
Found a falchion, a dagger, a glaive and a glowing falchion.
o - 2 scrolls labelled RUROCOLAST (gained 1)
As you read the scroll labelled RUROCOLAST, it crumbles to dust.
It is a scroll of brand weapon.
Your +0 hand axe thirsts for the lives of mortals!
a - a +0 vampiric hand axe (weapon)
There is an open door here.
Found 2 stones.
Found an escape hatch in the floor.
Found a sparkling altar of Nemelex Xobeh.
A sourceless malevolence fills the Dungeon...
You fall into a shaft and drop 1 floor!
The shaft crumbles and collapses.
Found a potion of curing.
Found a stone staircase leading down.
A - a potion of curing You open the door.
There is an open door here.
An ogre comes into view. It is wielding a +0 giant spiked club.
You hit the ogre. You headbutt the ogre.
The ogre is moderately wounded.
You hit the ogre.
The ogre is moderately wounded.
The ogre hits you with a +0 giant spiked club!
You hit the ogre. Your headbutt misses the ogre.
The ogre is heavily wounded.
The ogre hits you with a +0 giant spiked club!!
Ouch! That really hurt!
* * * LOW HITPOINT WARNING * * *
You barely miss the ogre.
The ogre is heavily wounded.
You hit the ogre but do no damage.
The ogre is heavily wounded.
The ogre barely misses you.
You hit the ogre. You headbutt the ogre.
The ogre is severely wounded.
You hit the ogre.
You feel better.
The ogre is almost dead.
The ogre hits you with a +0 giant spiked club!!
You die...

#...## #...#
####...##..# ##..#
.......#...#
##..##.......#...#
#............#...#
#............#...#
##..###+###..##..#
##..###.###..##.O#
#.........'.....@#
#.........#.............
##...###..#.#######.....
##### ###### .... ##.


You could see an ogre.

Vanquished Creatures
  A sky beast (D:5)
  4 scorpions
  A hound (D:5)
  An orc priest (D:4)
  A jelly (D:4)
  3 adders
  A shadow imp (D:4)
  An ufetubus (D:5)
  A worm (D:3)
  A dart slug (D:3)
  10 orcs
  6 endoplasms
  A giant cockroach (D:3)
  8 goblins
  7 hobgoblins
  3 quokkas
  5 ball pythons
  5 bats
  3 frilled lizards
  12 kobolds
  9 rats
84 creatures vanquished.

Vanquished Creatures (others)
  2 plants (D:3)
2 creatures vanquished.

Grand Total: 86 creatures vanquished

Notes
Turn   | Place    | Note
-------+----------+-------------------------------------------
     0 | D:1      | rakiston the Minotaur Berserker began the quest for the
                  | Orb.
     0 | D:1      | Reached XP level 1. HP: 19/19 MP: 0/0
    85 | D:1      | Reached XP level 2. HP: 7/27 MP: 1/1
   311 | D:1      | Found Ecreupso's Weapon Boutique.
   352 | D:1      | Reached skill level 4 in Axes
   528 | D:1      | Found Xeodaheh's Armour Emporium.
   771 | D:1      | Found Plog's Magic Scroll Shop.
   779 | D:1      | Bought a scroll of teleportation for 33 gold pieces
   779 | D:1      | Bought a scroll of identify for 22 gold pieces
   975 | D:1      | Reached ** piety under Trog
  1064 | D:2      | Reached XP level 3. HP: 27/33 MP: 2/2
  2290 | D:3      | Noticed a scorpion
  2300 | D:3      | Killed a scorpion
  2301 | D:3      | Reached skill level 5 in Axes
  2301 | D:3      | Reached XP level 4. HP: 41/41 MP: 3/3
  2350 | D:3      | Found a glowing golden altar of the Shining One.
  2585 | D:3      | Found a hazy altar of Hepliaklqana.
  2763 | D:4      | Reached XP level 5. HP: 42/47 MP: 4/4
  2927 | D:4      | Reached skill level 6 in Axes
  2933 | D:4      | HP: 2/47 [orc priest/divine providence (16)]
  3351 | D:4      | Found a white marble altar of Elyvilon.
  3550 | D:4      | Found a radiant altar of Vehumet.
  3748 | D:5      | Entered Level 5 of the Dungeon
  3882 | D:5      | Found a broken altar of Ashenzari.
  3972 | D:5      | Reached XP level 6. HP: 43/55 MP: 5/5
  4050 | D:5      | Reached *** piety under Trog
  4051 | D:5      | Reached skill level 5 in Fighting
  4051 | D:5      | Reached skill level 7 in Axes
  4158 | D:5      | Noticed a sky beast
  4167 | D:5      | Killed a sky beast
  4168 | D:5      | Reached skill level 8 in Axes
  4168 | D:5      | Reached XP level 7. HP: 61/61 MP: 6/6
  4257 | D:5      | Found an ornate altar of the Wu Jian Council.
  4315 | D:5      | Found a sparkling altar of Nemelex Xobeh.
  4316 | D:5      | You fall into a shaft and drop 1 floor!
  4374 | D:6      | Demolished by an ogre

Illustrated notes

Levels and vault maps discovered:
D:1:      amcnicky_arrival_choice, layout_basic, serial_shops, shop, shop, shop
D:2:      layout_basic
D:3:      layout_basic, lemuel_doored_altar, tso_oasis_becter
D:4:      layout_gridville, lemuel_crystal_altar, nicolae_overflow_hidden_temple
D:5:      layout_loops_ring, nicolae_wu_jian_glorious_leap,
          nemelex_xobeh_ov_fountains_minmay, okawaru_ov_weapons_minmay,
          nicolae_ashenzari_skybound, grunt_ministairs_2, sigmund_army
D:6:      layout_gridville, minmay_temple_entry_statues_fountains,
          minmay_pentangle

Skill      XL: |  1  2  3  4  5  6 |
---------------+-------------------+-----
Axes           | 4 5 6 8 |  8.2
Fighting       | 4 5 |  5.5
Armour         | 3 |  3.2
Dodging        | |  2.6
Stealth        | |  0.3

Action                   |  1- 3 |  4- 6 |  7- 9 || total
-------------------------+-------+-------+-------++-------
Melee: Hand axe          |   116 |    98 |     7 ||   221
       Headbutt          |     7 |    17 |     2 ||    26
Invok: Berserk           |     1 |     2 |       ||     3
  Use: Scroll            |     3 |     1 |     1 ||     5
       Potion            |     1 |     2 |       ||     3
Armor: Animal skin       |     6 |       |       ||     6
       Scale mail        |    26 |    30 |       ||    56
Dodge: Dodged            |    48 |    40 |     1 ||    89
